Map: Zen LE

Players

Liquidthermy (uThermal)

  • Race: Terran Terran
  • Spawn Location: 1:00

TSGSolar (Solar) - Winner!

  • Race: Zerg Zerg
  • Spawn Location: 7:00

Event: StayAtHomestory Cup #1

VOD

Have the link to the VOD?

Description

Time

  • Played on: April 10, 2020, 1:47 p.m.
  • Length: 8:39

All games in this series

Show
View Real Time Build Order
Export as new Build Order

Liquidthermy Terran 

Build Orders: Gas First Reaper Expand, Hellion Banshee 

Get SALT Encoding   

  12  0:01  SCV  
  13  0:13  SCV  
  14  0:17  Supply Depot  
  14  0:25  SCV  
  14  0:27  Refinery  
  15  0:38  SCV  
  16  0:44  Barracks  
  16  0:51  SCV  
  17  1:03  SCV  
  18  1:15  SCV  
  19  1:31  Orbital Command, Reaper  
  20  1:43  Command Center  
  20  1:54  Factory  
  20  1:58  SCV  
  21  2:04  Barracks Reactor  
  21  2:11  SCV  
  21  2:13  Supply Depot  
  22  2:22  Refinery  
  22  2:23  SCV  
  23  2:35  SCV  
  24  2:41  Starport  
  24  2:45  Hellion x2  
  24  2:47  SCV  
  29  2:55  Orbital Command  
  29  2:59  SCV  
  30  3:06  Hellion  
  30  3:09  Hellion  
  30  3:11  Barracks Tech Lab  
  34  3:14  SCV  
  35  3:21  SCV  
  36  3:28  Hellion  
  36  3:31  Hellion  
  40  3:36  Cloaking Field, Supply Depot  
  40  3:38  Banshee  
  43  3:43  SCV  
  43  3:44  SCV  
  45  3:55  SCV  
  46  3:57  Hellion  
  46  3:58  Hellion  
  46  4:00  SCV  
  46  4:02  Marine  
  43  4:07  SCV  
  44  4:12  SCV  
  45  4:17  Command Center  
  45  4:21  Banshee  
  45  4:23  Barracks Tech Lab  
  48  4:25  SCV  
  48  4:26  SCV  
  48  4:30  Factory Reactor  
  50  4:35  Supply Depot  
  50  4:37  SCV  
  50  4:38  SCV  
  52  4:39  Barracks  
  52  4:41  Marine, Stimpack  
  53  4:50  SCV, Barracks  
  54  4:56  SCV  
  54  4:59  Marine  
  56  5:02  SCV  
  57  5:07  Supply Depot  
  57  5:08  SCV  
  57  5:10  Starport Reactor  
  58  5:14  SCV  
  58  5:15  Barracks  
  58  5:16  Barracks  
  58  5:18  Siege Tank  
  62  5:28  Marine x3  
  62  5:29  SCV  
  62  5:31  Barracks  
  62  5:32  Barracks  
  62  5:33  SCV  
  67  5:38  Marine  
  68  5:46  Marine x3  
  68  5:47  Medivac x2  
  75  5:53  Siege Tank  
  75  5:55  Marine  
  75  5:56  Supply Depot x2  
  79  6:02  Marine  
  80  6:04  Marine  
  80  6:05  Marine, Orbital Command  
  80  6:06  SCV  
  80  6:07  SCV  
  80  6:09  Marine  
  84  6:12  Marine  
  84  6:17  Marine  
  84  6:18  SCV  
  89  6:22  Marine x2  
  89  6:24  Supply Depot  
  91  6:27  Combat Shield  
  91  6:29  Marine x2  
  91  6:33  SCV x2  
  91  6:34  Marine x3  
  91  6:36  Supply Depot  
  91  6:37  Supply Depot  
  91  6:38  SCV, Medivac  
  100  6:42  Marine  
  100  6:46  Marine, SCV x2  
  104  6:47  Marine x2  
  104  6:50  SCV  
  104  6:52  Marine  
  104  6:54  Marine x2  
  107  6:57  Marine x2, Medivac  
  107  6:58  SCV  
  107  7:00  Marine  
  115  7:04  Marine  
  115  7:05  Marine x2, Supply Depot  
  118  7:10  Marine  
  118  7:13  Marine x2  
  118  7:14  Siege Tank  
  118  7:15  Marine x2  
  110  7:18  Marine  
  110  7:21  Marine  
  111  7:23  Marine x2  
  111  7:28  Marine  
  114  7:31  Marine x2  
  114  7:33  Marine x2  
  114  7:36  Marine  
  119  7:39  Marine  
  119  7:40  Marine, Supply Depot  
  119  7:41  Marine  
  119  7:42  Supply Depot  
  119  7:45  Marine  
  119  7:46  Siege Tank  
  119  7:49  Marine x2  
  119  7:51  Marine x2  
  127  7:53  Marine, Barracks  
  127  7:57  Marine  
  117  7:58  Marine x2  
  117  8:03  Marine  
  116  8:07  Marine x2  
  116  8:09  Marine x2  
  116  8:12  Marine  
  109  8:15  Marine  
  109  8:16  Marine x2  
Show
View Real Time Build Order
Export as new Build Order

TSGSolar Zerg - Winner!

Build Orders: Hatch First 

Get SALT Encoding   

  12  0:01  Drone  
  13  0:12  Overlord  
  13  0:17  Drone  
  14  0:30  Drone x2  
  16  0:48  Hatchery  
  15  0:52  Drone  
  15  0:55  Drone  
  17  0:58  Drone  
  18  1:10  Extractor  
  17  1:13  Spawning Pool  
  17  1:17  Drone  
  17  1:20  Drone  
  18  1:29  Drone  
  19  1:39  Drone  
  20  1:57  Hatchery  
  20  2:01  Zergling x2, Queen  
  21  2:02  Zergling x2  
  23  2:11  Queen  
  25  2:18  Overlord  
  25  2:23  Drone  
  25  2:25  Drone  
  27  2:31  Metabolic Boost  
  27  2:34  Drone  
  27  2:37  Drone  
  29  2:40  Drone  
  30  2:47  Queen  
  30  2:50  Drone  
  33  2:52  Drone  
  33  2:54  Drone  
  33  2:58  Drone  
  36  3:04  Overlord  
  36  3:10  Queen  
  36  3:11  Drone  
  36  3:12  Drone  
  40  3:15  Drone  
  40  3:19  Spore Crawler  
  40  3:21  Drone  
  40  3:22  Drone  
  40  3:27  Drone x2  
  45  3:28  Drone  
  45  3:31  Queen  
  48  3:35  Overlord  
  48  3:40  Spore Crawler  
  47  3:43  Drone x2  
  47  3:45  Overlord  
  50  3:55  Drone x5  
  50  3:59  Drone x2  
  50  4:01  Zergling x2  
  50  4:02  Zergling x2  
  51  4:07  Drone  
  51  4:08  Drone  
  53  4:12  Drone  
  53  4:16  Spore Crawler x2  
  52  4:18  Zergling x4  
  52  4:20  Drone x2  
  56  4:25  Queen  
  56  4:28  Spore Crawler  
  57  4:32  Drone  
  57  4:34  Overlord  
  57  4:36  Overlord  
  57  4:37  Drone x2  
  60  4:39  Drone  
  60  4:45  Drone, Evolution Chamber  
  61  4:46  Extractor, Evolution Chamber  
  61  4:47  Drone x2  
  61  4:50  Drone x2  
  61  4:52  Drone  
  64  4:56  Drone x2  
  64  4:58  Drone  
  66  5:01  Drone x2  
  66  5:02  Drone  
  66  5:05  Drone  
  70  5:14  Zerg Ground Armor Level 1, Zerg Melee Weapons Level 1  
  69  5:15  Drone x2  
  69  5:16  Drone  
  69  5:20  Overlord  
  72  5:23  Drone x4  
  72  5:25  Drone  
  72  5:27  Drone  
  78  5:29  Lair  
  78  5:31  Drone x2  
  78  5:35  Extractor  
  79  5:36  Extractor  
  79  5:38  Drone  
  79  5:39  Drone, Baneling Nest  
  79  5:40  Zergling x6  
  82  5:43  Overlord  
  82  5:44  Zergling x2  
  82  5:47  Zergling x6  
  82  5:48  Zergling x2  
  87  5:51  Drone  
  87  5:54  Drone  
  87  5:55  Drone  
  89  6:00  Hatchery, Overlord  
  87  6:08  Drone  
  87  6:10  Drone  
  90  6:11  Zergling x14  
  90  6:17  Drone x2  
  98  6:19  Zergling x2  
  98  6:22  Zergling x2  
  98  6:24  Overlord  
  99  6:29  Centrifical Hooks  
  99  6:30  Overseer  
  99  6:31  Overseer  
  99  6:33  Drone  
  99  6:34  Overlord  
  100  6:41  Hatchery  
  100  6:42  Zergling x14  
  106  6:47  Baneling x7  
  106  6:49  Zergling x6  
  106  6:51  Baneling  
  106  6:52  Zergling x2, Baneling  
  106  6:53  Zergling x4  
  112  6:55  Zergling x2  
  113  7:01  Zergling x4  
  113  7:06  Overlord  
  114  7:11  Overlord  
  114  7:12  Zergling x2  
  114  7:13  Zergling x4  
  107  7:16  Zergling x10  
  107  7:17  Zergling x2  
  107  7:19  Zergling x4  
  107  7:20  Zergling x2  
  113  7:23  Queen  
  113  7:25  Drone x2  
  116  7:30  Drone x2  
  116  7:32  Overlord  
  116  7:34  Drone  
  116  7:35  Drone x2  
  121  7:42  Pneumatized Carapace  
  121  7:43  Drone, Infestation Pit  
  121  7:44  Overlord  
  121  7:45  Drone  
  121  7:46  Drone  
  121  7:47  Drone x2  
  121  7:48  Drone x3  
  121  7:49  Baneling x4  
  128  7:54  Zergling x4  
  119  7:59  Zergling x6  
  119  8:02  Baneling x8  
  119  8:04  Zergling x4  
  122  8:06  Overlord  
  122  8:11  Zergling x10  
  115  8:15  Baneling x6  
  115  8:16  Zergling x14  
  118  8:20  Zergling x10  
  118  8:23  Baneling x3  
Tags
 
Add a new tag
Caveats
  • Supply blocks, unpowered buildings, or Contaminate may cause inaccurate times.
  • Supply counts are checked every 10 seconds.